TOP OF THE 1ST |
Ogden Raptors batting - Pitching for Orem Owlz : RHP Dennis Borrello
|
Pitching: RHP Dennis Borrello
|
|
Batting: RHB Nick Griffin
|
0-0: Ball 1-0: Ball 2-0: Swinging Strike 2-1: Ball 3-1: Base on Balls
|
Batting: LHB Josh Guess
|
0-0: Ball 1-0: Ball 2-0: Ball 3-0: Called Strike 3-1: Fly out, F7 (Line Drive, 78M, EV 86.3 MPH)
|
Batting: RHB Mike Hoppe
|
0-0: Called Strike Nick Griffin steals 2nd base 0-1: DOUBLE (Line Drive, 78D, EV 100.6 MPH) Nick Griffin scores
|
Batting: RHB Jose Cuadrado
|
0-0: Called Strike 0-1: 2-RUN HOME RUN (Flyball, 9LD, EV 92.5 MPH), Distance : 332 ft
|
Batting: RHB Carlos Cortez
|
0-0: SINGLE (Line Drive, 8RS, EV 90.0 MPH)
|
Batting: RHB Josh Knight
|
0-0: Ball 1-0: Ball 2-0: Ball 3-0: Base on Balls Carlos Cortez to second
|
Batting: RHB Chase Hine
|
0-0: Called Strike 0-1: Ball 1-1: Foul Ball, location: 3SF 1-2: Ball 2-2: Foul Ball, location: 2F 2-2: Ball 3-2: Strikes out swinging
|
Batting: RHB Eric Weter
|
0-0: Swinging Strike 0-1: Called Strike 0-2: Ball 1-2: Ball 2-2: Foul Ball, location: 23FF 2-2: Foul Ball, location: 2F 2-2: Ball 3-2: Base on Balls Carlos Cortez to third Josh Knight to second
|
Batting: RHB Neil Goetsch
|
0-0: Ball 1-0: Ball 2-0: Ground out 5-3 (Groundball, 56S, EV 93.1 MPH)
|
Top of the 1st over - 3 runs, 3 hits, 0 errors, 3 left on base; Ogden 3 - Orem 0 |
BOTTOM OF THE 1ST |
Orem Owlz batting - Pitching for Ogden Raptors : RHP Raul Monge
|
Pitching: RHP Raul Monge
|
|
Batting: SHB Kyle Harrison
|
0-0: Called Strike 0-1: Ball 1-1: Ball 2-1: Foul Ball, location: 2F 2-2: Ball 3-2: Ground out 1-3 (Groundball, 15S, EV 68.1 MPH)
|
Batting: RHB Dave Bautista
|
0-0: Ball 1-0: Ball 2-0: Ground out 5-3 (Groundball, 5L, EV 91.3 MPH)
|
Batting: SHB Casey Kish
|
0-0: Swinging Strike 0-1: Foul Ball, location: 23F 0-2: SOLO HOME RUN (Flyball, 9LD, EV 92.5 MPH), Distance : 332 ft
|
Batting: RHB Pete Kennedy
|
0-0: Ball 1-0: Ground out 5-3 (Groundball, 56S, EV 70.6 MPH)
|
Bottom of the 1st over - 1 run, 1 hit, 0 errors, 0 left on base; Ogden 3 - Orem 1 |
TOP OF THE 2ND |
Ogden Raptors batting - Pitching for Orem Owlz : RHP Dennis Borrello
|
Batting: RHB Nick Griffin
|
0-0: Ball 1-0: Ground out 6-3 (Groundball, 6, EV 81.3 MPH)
|
Batting: LHB Josh Guess
|
0-0: Ball 1-0: Called Strike 1-1: Foul Ball, location: 2F 1-2: Foul Ball, location: 3DF 1-2: Ball 2-2: Ground out 6-3 (Groundball, 6, EV 83.1 MPH)
|
Batting: RHB Mike Hoppe
|
0-0: Ball 1-0: Ball 2-0: Ball 3-0: Called Strike 3-1: SINGLE (Line Drive, 7LS, EV 101.9 MPH)
|
Batting: RHB Jose Cuadrado
|
0-0: Ball 1-0: Ball Mike Hoppe steals 2nd base 2-0: Called Strike 2-1: Ball 3-1: Called Strike 3-2: Foul Ball, location: 3FF 3-2: Ground out 4-3 (Groundball, 4MD, EV 105.6 MPH)
|
Top of the 2nd over - 0 runs, 1 hit, 0 errors, 1 left on base; Ogden 3 - Orem 1 |
BOTTOM OF THE 2ND |
Orem Owlz batting - Pitching for Ogden Raptors : RHP Raul Monge
|
Batting: RHB Alessio Canonica
|
0-0: Called Strike 0-1: Fly out, F7 (Line Drive, 7, EV 85.0 MPH)
|
Batting: RHB Richard Faria
|
0-0: Ball 1-0: Called Strike 1-1: Swinging Strike 1-2: Foul Ball, location: 9LMF 1-2: Ball 2-2: Fly out, F9 (Flyball, 9D, EV 104.4 MPH)
|
Batting: RHB Dave Moreno
|
0-0: Called Strike 0-1: Ball 1-1: Foul Ball, location: 5DF 1-2: Foul Ball, location: 5F 1-2: Ball 2-2: Ball 3-2: Fly out, F8 (Flyball, 8RM, EV 96.3 MPH)
|
Bottom of the 2nd over - 0 runs, 0 hits, 0 errors, 0 left on base; Ogden 3 - Orem 1 |
TOP OF THE 3RD |
Ogden Raptors batting - Pitching for Orem Owlz : RHP Dennis Borrello
|
Batting: RHB Carlos Cortez
|
0-0: Ground out U3 (Groundball, 34, EV 84.4 MPH)
|
Batting: RHB Josh Knight
|
0-0: Ball 1-0: Foul Ball, location: 7LSF 1-1: DOUBLE (Line Drive, 7LD, EV 106.3 MPH)
|
Batting: RHB Chase Hine
|
0-0: Ground out 1-3 (Groundball, 15S, EV 68.8 MPH)
|
Batting: RHB Eric Weter
|
0-0: Foul Ball, location: 3SF 0-1: Ball 1-1: Ball 2-1: Foul Ball, location: 25FF 2-2: Strikes out swinging
|
Top of the 3rd over - 0 runs, 1 hit, 0 errors, 1 left on base; Ogden 3 - Orem 1 |
BOTTOM OF THE 3RD |
Orem Owlz batting - Pitching for Ogden Raptors : RHP Raul Monge
|
Batting: RHB John Van Cleave
|
0-0: Ball 1-0: Ball 2-0: Ball 3-0: Base on Balls
|
Batting: RHB Mario Sandoval
|
0-0: Called Strike 0-1: Ball John Van Cleave is caught stealing 2nd base 2-4 1-1: Ground out 4-3 (Groundball, 4, EV 93.8 MPH)
|
Batting: SHB Kyle Harrison
|
0-0: Fly out, F9 (Line Drive, 9S, EV 88.8 MPH)
|
Bottom of the 3rd over - 0 runs, 0 hits, 0 errors, 0 left on base; Ogden 3 - Orem 1 |
TOP OF THE 4TH |
Ogden Raptors batting - Pitching for Orem Owlz : RHP Dennis Borrello
|
Batting: RHB Neil Goetsch
|
0-0: Ground out 5-3 (Groundball, 56S, EV 82.5 MPH)
|
Batting: RHB Nick Griffin
|
0-0: Ball 1-0: Swinging Strike 1-1: Ball 2-1: Ball 3-1: Called Strike 3-2: Strikes out swinging
|
Batting: LHB Josh Guess
|
0-0: Swinging Strike 0-1: Ball 1-1: Ball 2-1: DOUBLE (Line Drive, 8RXD, EV 97.5 MPH)
|
Pitching: RHP Jon Gonzalez
|
|
Batting: RHB Mike Hoppe
|
0-0: Called Strike 0-1: SINGLE (Groundball, 4MD, EV 104.4 MPH) Josh Guess to third
|
Batting: RHB Jose Cuadrado
|
0-0: Ball 1-0: SINGLE (Line Drive, 4MD, EV 100.0 MPH) Josh Guess scores Mike Hoppe to second
|
Batting: RHB Carlos Cortez
|
0-0: Called Strike 0-1: Ball 1-1: Ball 2-1: 3-RUN HOME RUN (Flyball, 8RXD, EV 106.9 MPH), Distance : 448 ft
|
Pitching: LHP Ricky Medina
|
|
Batting: RHB Josh Knight
|
0-0: Called Strike 0-1: Foul Ball, location: 2F 0-2: Strikes out swinging
|
Top of the 4th over - 4 runs, 4 hits, 0 errors, 0 left on base; Ogden 7 - Orem 1 |
BOTTOM OF THE 4TH |
Orem Owlz batting - Pitching for Ogden Raptors : RHP Raul Monge
|
Batting: RHB Dave Bautista
|
0-0: Ball 1-0: Foul Ball, location: 2RF 1-1: Foul Ball, location: 23FF 1-2: Strikes out swinging
|
Batting: SHB Casey Kish
|
0-0: Foul Ball, location: 5DF 0-1: Ball 1-1: Foul Ball, location: 2F 1-2: Ball 2-2: Foul Ball, location: 3FF 2-2: Strikes out swinging
|
Batting: RHB Pete Kennedy
|
0-0: Ball 1-0: SINGLE (Line Drive, 89M, EV 97.5 MPH)
|
Batting: RHB Alessio Canonica
|
0-0: Foul Ball, location: 9LSF 0-1: SINGLE (Line Drive, 9S, EV 101.9 MPH) Pete Kennedy to second
|
Batting: RHB Richard Faria
|
0-0: Ball 1-0: Called Strike 1-1: 3-RUN HOME RUN (Flyball, 7LD, EV 95.0 MPH), Distance : 344 ft
|
Batting: RHB Dave Moreno
|
0-0: Swinging Strike 0-1: Swinging Strike 0-2: Foul Ball, location: 5FF 0-2: Ball 1-2: SINGLE (Line Drive, 89S, EV 96.9 MPH)
|
Batting: RHB John Van Cleave
|
0-0: Ball 1-0: Foul Ball, location: 2F 1-1: Foul Ball, location: 7LSF 1-2: Reached on error, E6 (Groundball, 6, EV 85.0 MPH) Dave Moreno to second
|
Batting: RHB Mario Sandoval
|
0-0: Called Strike 0-1: Ball 1-1: Ball 2-1: Ball 3-1: Foul Ball, location: 2F 3-2: Base on Balls Dave Moreno to third John Van Cleave to second
|
Batting: SHB Kyle Harrison
|
0-0: Called Strike 0-1: Called Strike 0-2: Ball 1-2: Ball 2-2: Fly out, F8 (Line Drive, 8LS, EV 92.5 MPH)
|
Bottom of the 4th over - 3 runs, 4 hits, 1 error, 3 left on base; Ogden 7 - Orem 4 |
TOP OF THE 5TH |
Ogden Raptors batting - Pitching for Orem Owlz : LHP Ricky Medina
|
Batting: RHB Chase Hine
|
0-0: Ground out 6-3 (Groundball, 6, EV 78.8 MPH)
|
Batting: RHB Eric Weter
|
0-0: Ground out 4-3 (Groundball, 34D, EV 104.4 MPH)
|
Batting: RHB Neil Goetsch
|
0-0: Swinging Strike 0-1: Ball 1-1: Called Strike 1-2: Strikes out looking
|
Top of the 5th over - 0 runs, 0 hits, 0 errors, 0 left on base; Ogden 7 - Orem 4 |
BOTTOM OF THE 5TH |
Orem Owlz batting - Pitching for Ogden Raptors : RHP Raul Monge
|
Batting: RHB Dave Bautista
|
0-0: Ball 1-0: SINGLE (Flyball, 9LS, EV 97.5 MPH)
|
Batting: SHB Casey Kish
|
0-0: Foul Ball, location: 23F 0-1: Called Strike 0-2: Strikes out swinging
|
Batting: RHB Pete Kennedy
|
0-0: Ball Dave Bautista steals 2nd base 1-0: Fly out, F4 (Flyball, 34D, EV 86.3 MPH)
|
Batting: RHB Alessio Canonica
|
0-0: Called Strike 0-1: Ball 1-1: Swinging Strike 1-2: Foul Ball, location: 9LDF 1-2: Strikes out swinging
|
Bottom of the 5th over - 0 runs, 1 hit, 0 errors, 1 left on base; Ogden 7 - Orem 4 |
TOP OF THE 6TH |
Ogden Raptors batting - Pitching for Orem Owlz : LHP Ricky Medina
|
Batting: RHB Nick Griffin
|
0-0: Ball 1-0: Ball 2-0: Called Strike 2-1: DOUBLE (Line Drive, 89D, EV 104.4 MPH)
|
Batting: LHB Josh Guess
|
0-0: Called Strike 0-1: Fly out, F6 (Popup, 6MD, EV 62.5 MPH)
|
Batting: RHB Mike Hoppe
|
0-0: Ball 1-0: Ball 2-0: Called Strike 2-1: Ground out 4-3 (Groundball, 34, EV 85.0 MPH) Nick Griffin to third
|
Batting: RHB Jose Cuadrado
|
0-0: Swinging Strike 0-1: Ground out U3 (Groundball, 3, EV 100.6 MPH)
|
Top of the 6th over - 0 runs, 1 hit, 0 errors, 1 left on base; Ogden 7 - Orem 4 |
BOTTOM OF THE 6TH |
Orem Owlz batting - Pitching for Ogden Raptors : RHP Raul Monge
|
Batting: RHB Richard Faria
|
0-0: Ball 1-0: Ball 2-0: Ball 3-0: Called Strike 3-1: Foul Ball, location: 2F 3-2: Fly out, F8 (Flyball, 8RM, EV 91.9 MPH)
|
Batting: RHB Dave Moreno
|
0-0: Ball 1-0: Ground out 1-3 (Groundball, 13S, EV 65.6 MPH)
|
Batting: RHB John Van Cleave
|
0-0: Swinging Strike 0-1: Ball 1-1: Foul Ball, location: 2F 1-2: Ball 2-2: Ball 3-2: Base on Balls
|
Batting: RHB Mario Sandoval
|
0-0: Ball 1-0: Swinging Strike 1-1: Foul Ball, location: 3F 1-2: Strikes out swinging
|
Bottom of the 6th over - 0 runs, 0 hits, 0 errors, 1 left on base; Ogden 7 - Orem 4 |
TOP OF THE 7TH |
Ogden Raptors batting - Pitching for Orem Owlz : LHP Ricky Medina
|
Batting: RHB Carlos Cortez
|
0-0: Swinging Strike 0-1: Swinging Strike 0-2: Foul Ball, location: 2F 0-2: Strikes out looking
|
Batting: RHB Josh Knight
|
0-0: Swinging Strike 0-1: Ground out 6-3 (Groundball, 6, EV 106.3 MPH)
|
Batting: RHB Chase Hine
|
0-0: Ball 1-0: Ball 2-0: Ball 3-0: Called Strike 3-1: Foul Ball, location: 3F 3-2: Base on Balls
|
Batting: RHB Eric Weter
|
0-0: SINGLE (Groundball, 56D, EV 104.4 MPH) Chase Hine to second
|
Batting: RHB Neil Goetsch
|
0-0: Ball 1-0: Ball 2-0: Ball 3-0: Base on Balls Chase Hine to third Eric Weter to second
|
Pitching: RHP Ed Carrasco
|
|
Batting: RHB Nick Griffin
|
0-0: Ball 1-0: Called Strike 1-1: Foul Ball, location: 3FF 1-2: Ground out 5-3 (Groundball, 56S, EV 86.3 MPH)
|
Top of the 7th over - 0 runs, 1 hit, 0 errors, 3 left on base; Ogden 7 - Orem 4 |
BOTTOM OF THE 7TH |
Orem Owlz batting - Pitching for Ogden Raptors : RHP Raul Monge
|
Pitching: LHP Kai Cunningham
|
|
Batting: SHB Kyle Harrison
|
0-0: Ball 1-0: Called Strike 1-1: Fly out, F7 (Flyball, 7, EV 76.3 MPH)
|
Batting: RHB Dave Bautista
|
0-0: Ball 1-0: Swinging Strike 1-1: Ball 2-1: Swinging Strike 2-2: Foul Ball, location: 3F 2-2: Strikes out swinging
|
Batting: SHB Casey Kish
|
0-0: Called Strike 0-1: Swinging Strike 0-2: Ball 1-2: Foul Ball, location: 5F 1-2: Strikes out looking
|
Bottom of the 7th over - 0 runs, 0 hits, 0 errors, 0 left on base; Ogden 7 - Orem 4 |
TOP OF THE 8TH |
Ogden Raptors batting - Pitching for Orem Owlz : RHP Ed Carrasco
|
Batting: LHB Josh Guess
|
0-0: Called Strike 0-1: SINGLE (Line Drive, 6D, EV 100.6 MPH)
|
Batting: RHB Mike Hoppe
|
0-0: Ball 1-0: Foul Ball, location: 2F 1-1: Foul Ball, location: 2F 1-2: Foul Ball, location: 9LSF 1-2: Foul Ball, location: 25FF 1-2: TRIPLE (Line Drive, 9D, EV 106.3 MPH) Josh Guess scores
|
Batting: RHB Jose Cuadrado
|
0-0: Swinging Strike 0-1: Swinging Strike 0-2: SINGLE (Flyball, 3D, EV 89.4 MPH) Mike Hoppe scores
|
Batting: RHB Carlos Cortez
|
0-0: Called Strike 0-1: Fly out, F5 (Popup, 5SF, EV 81.3 MPH)
|
Batting: RHB Josh Knight
|
0-0: Called Strike 0-1: Ball 1-1: Fly out, F8 (Line Drive, 8RM, EV 101.9 MPH)
|
Batting: RHB Chase Hine
|
0-0: Called Strike 0-1: Fly out, F9 (Flyball, 89M, EV 78.1 MPH)
|
Top of the 8th over - 2 runs, 3 hits, 0 errors, 1 left on base; Ogden 9 - Orem 4 |
BOTTOM OF THE 8TH |
Orem Owlz batting - Pitching for Ogden Raptors : LHP Kai Cunningham
|
Batting: RHB Pete Kennedy
|
0-0: Ground out 6-3 (Groundball, 56, EV 81.9 MPH)
|
Batting: RHB Alessio Canonica
|
0-0: Called Strike 0-1: Ball 1-1: Foul Ball, location: 23FF 1-2: Foul Ball, location: 5FF 1-2: Ball 2-2: Ground out 6-3 (Groundball, 6MD, EV 97.5 MPH)
|
Batting: RHB Richard Faria
|
0-0: Called Strike 0-1: Ball 1-1: Swinging Strike 1-2: Fly out, F8 (Flyball, 8LD, EV 95.0 MPH)
|
Bottom of the 8th over - 0 runs, 0 hits, 0 errors, 0 left on base; Ogden 9 - Orem 4 |
TOP OF THE 9TH |
Ogden Raptors batting - Pitching for Orem Owlz : RHP Ed Carrasco
|
Batting: RHB Eric Weter
|
0-0: Ground out 5-3 (Groundball, 56, EV 86.9 MPH)
|
Pinch Hitting: SHB Adam DeWitt
|
0-0: Swinging Strike 0-1: Foul Ball, location: 3FF 0-2: Ball 1-2: Foul Ball, location: 5FF 1-2: Fly out, F7 (Line Drive, 78M, EV 108.8 MPH)
|
Batting: RHB Nick Griffin
|
0-0: Swinging Strike 0-1: Ball 1-1: Called Strike 1-2: Foul Ball, location: 2F 1-2: Ball 2-2: Ball 3-2: Strikes out swinging
|
Top of the 9th over - 0 runs, 0 hits, 0 errors, 0 left on base; Ogden 9 - Orem 4 |
BOTTOM OF THE 9TH |
Orem Owlz batting - Pitching for Ogden Raptors : LHP Kai Cunningham
|
Now in CF: Kevin Pirro
|
|
Batting: RHB Dave Moreno
|
0-0: Ball 1-0: SINGLE (Groundball, 4MD, EV 101.9 MPH)
|
Batting: RHB John Van Cleave
|
0-0: Ball 1-0: Fly out, F3 (Popup, 3SF, EV 71.3 MPH)
|
Pinch Hitting: RHB Ethan Kaufman
|
0-0: Ball 1-0: Foul Ball, location: 2F 1-1: Foul Ball, location: 23FF 1-2: Foul Ball, location: 2F 1-2: Foul Ball, location: 9LSF 1-2: Strikes out swinging
|
Pitching: LHP Chris Cruz
|
|
Batting: SHB Kyle Harrison
|
0-0: Called Strike 0-1: Fielders Choice at 2nd, 5-4 (Groundball, 56D, EV 97.5 MPH)
|
Bottom of the 9th over - 0 runs, 1 hit, 0 errors, 1 left on base; Ogden 9 - Orem 4 |
|